 Dungeon Crawl Stone Soup version 0.23-a0-435-g79ed067 (webtiles) character file.

78 sl00ts the Skirmisher (level 4, 0/52 HPs)
             Began as an Ogre Berserker on Nov 16, 2018.
             Was a Follower of Trog.
             Slain by a giant cockroach (2 damage)
             ... on level 3 of the Dungeon.
             The game lasted 00:01:31 (1628 turns).

sl00ts the Skirmisher (Ogre Berserker)              Turns: 1628, Time: 00:01:31

Health: 0/52       AC:  3    Str: 22    XL:     4   Next: 36%
Magic:  4/4        EV: 10    Int:  8    God:    Trog [*.....]
Gold:   63         SH:  0    Dex:  8    Spells: 3/3 levels left

rFire    . . .     SeeInvis .   a - +0 mace
rCold    . . .     Gourm    .   (no shield)
rNeg     . . .     Faith    .   b - +0 animal skin
rPois    .         Spirit   .   (helmet restricted)
rElec    .         Reflect  .   (no cloak)
rCorr    .         Harm     .   (gloves unavailable)
MR       .....                  (boots unavailable)
Stlth    +.........             (no amulet)
HPRegen  0.17/turn              (no ring)
MPRegen  0.09/turn              (no ring)

@: lethally poisoned (0 -> -3), berserk cooldown, starving, slowed, very slow
A: large, unfitting armour, tough skin 1
a: Berserk, Renounce Religion


You were on level 3 of the Dungeon.
You worshipped Trog.
Trog was aware of your devotion.
You were starving.

You visited 1 branch of the dungeon, and saw 3 of its levels.

You collected 63 gold pieces.

Inventory:

Hand Weapons
 a - a +0 mace (weapon)
Armour
 b - a +0 animal skin (worn)
Scrolls
 e - a scroll of identify {unknown}
 i - a scroll of enchant weapon {unknown}
Potions
 d - a potion of mutation {unknown}
 f - a potion of lignification {unknown}
 g - a potion of curing {unknown}
 h - a potion of agility {unknown}
 j - a potion of flight {unknown}
Comestibles
 c - 3 rations


   Skills:
 * Level 6.0 Fighting
 + Level 3.4 Maces & Flails
 - Level 2.6 Dodging


You had 3 spell levels left.
You didn't know any spells.
Your spell library was empty.

Dungeon Overview and Level Annotations

Branches:
Dungeon (3/15)

Altars:


Innate Abilities, Weirdness & Mutations

You are too large for most types of armour.
You have tough skin. (AC +1)


Message History

You kill the orc!
Trog accepts your kill.
Your Fighting skill increases to level 6!
The giant cockroach bites you.
* * * LOW HITPOINT WARNING * * *
You barely miss the giant cockroach.
You are no longer berserk.
You pass out from exhaustion.
You feel yourself slow down.
* * * LOW HITPOINT WARNING * * *
You feel sick. The giant cockroach bites you.
* * * LOW HITPOINT WARNING * * *
* * * LOW HITPOINT WARNING * * *
You feel sick. The giant cockroach bites you.
* * * LOW HITPOINT WARNING * * *
You can move again.
You completely miss the giant cockroach.
* * * LOW HITPOINT WARNING * * *
You feel sick. The giant cockroach bites you.
You die...

.. #. .. .# #
##.# #.#..
#.#.# #
##.)<###....
#..s@.......
(......)#......
......#.#......
...$..#.# .....
#######.. .....
### #.## .8


You could see a giant cockroach.

Vanquished Creatures
  4 adders
  A worm (D:2)
  A dart slug (D:1)
  A leopard gecko (D:1)
  An orc (D:3)
  A ball python (D:1)
  2 giant cockroaches (D:1)
  3 goblins
  4 hobgoblins
  3 jackals (D:1)
  5 kobolds
  3 bats
  2 frilled lizards (D:1)
  2 rats (D:2)
33 creatures vanquished.

Notes
Turn   | Place    | Note
-------+----------+-------------------------------------------
     0 | D:1      | sl00ts the Ogre Berserker began the quest for the Orb.
     0 | D:1      | Reached XP level 1. HP: 24/24 MP: 1/1
    56 | D:1      | Reached XP level 2. HP: 17/33 MP: 2/2
   469 | D:1      | Reached skill level 5 in Fighting
   477 | D:1      | Reached XP level 3. HP: 34/42 MP: 3/3
  1269 | D:2      | Reached XP level 4. HP: 29/52 MP: 4/4
  1625 | D:3      | Reached skill level 6 in Fighting
  1628 | D:3      | HP: 2/52 [poisoned by an adder]
  1628 | D:3      | Slain by a giant cockroach

Vault maps used:
D:1:      eino_arrival_cavern_e
D:3:      wander_river, lightli_temple_of_fire, small_statue_intersection,
          minmay_misc_feat_diagonals, fedhas_altar_4, uniq_terence

Skill      XL: |  1  2  3  4 |
---------------+-------------+-----
Maces & Flails | 3 |  3.4
Fighting       | 5 6 |  6.0
Dodging        | |  2.6

Action                   |  1- 3 |  4- 6 || total
-------------------------+-------+-------++-------
Melee: Mace              |    91 |    19 ||   110
Invok: Berserk           |     1 |     1 ||     2
  Eat: Chunk             |     1 |     1 ||     2
Armor: Animal skin       |    32 |     6 ||    38
Dodge: Dodged            |    61 |    20 ||    81

Table legend:
 A = Non-vault XP
 B = Vault XP
 C = Vault XP percentage of total XP
 D = Non-vault monster count
 E = Vault monster count
 F = Vault count percentage of total count
                 A         B        C        D         E       F
            +---------+---------+-------+---------+---------+-------
      Total |     112 |       0 |   0.0 |      33 |       0 |   0.0
            +---------+---------+-------+---------+---------+-------
        D:1 |      36 |       0 |   0.0 |      18 |       0 |   0.0
        D:2 |      58 |       0 |   0.0 |      12 |       0 |   0.0
        D:3 |      18 |       0 |   0.0 |       3 |       0 |   0.0
            +---------+---------+-------+---------+---------+-------
